 Dungeon Crawl Stone Soup version 0.25-b1-23-ge2ad7d536c (webtiles) character file.

Game seed: 13745280445095526032, levelgen mode: deterministic

1181 Esekla the Skirmisher (level 8, -4/62 HPs)
             Began as a Barachi Venom Mage on June 2, 2020.
             Slain by Prince Ribbit (13 damage)
             ... on level 5 of the Dungeon.
             The game lasted 00:39:41 (7401 turns).

Esekla the Skirmisher (Barachi Venom Mage)          Turns: 7401, Time: 00:39:42

Health: -4/62      AC:  3    Str:  9    XL:     8   Next: 42%
Magic:  0/15       EV: 14    Int: 23    God:
Gold:   210        SH:  0    Dex: 14    Spells: 7/16 levels left

rFire    . . .     SeeInvis .   v - +2 dagger (venom)
rCold    . . .     Gourm    .   (no shield)
rNeg     . . .     Faith    .   a - +0 robe
rPois    .         Spirit   +   (no helmet)
rElec    .         Reflect  .   (no cloak)
rCorr    .         Harm     .   (no gloves)
MR       .....                  j - +0 pair of boots
Stlth    ++........             r - amulet of guardian spirit
HPRegen  0.20/turn              x - +6 ring of intelligence
MPRegen  0.14/turn              (no ring)

@: slow
A: +LOS, swims, slowness 1, strong legs 1
a: Hop


You were on level 5 of the Dungeon.
You were not hungry.

You visited 1 branch of the dungeon, and saw 5 of its levels.

You collected 210 gold pieces.

Inventory:

Hand Weapons
 d - a +0 spear
 l - a +0 long sword
 v - a +2 dagger of venom (weapon)
 w - a +2 halberd of venom
Missiles
 g - 5 javelins
 o - 6 boomerangs (quivered)
Armour
 a - a +0 robe (worn)
 j - a +0 pair of boots (worn)
Jewellery
 r - an amulet of guardian spirit (around neck)
 x - a +6 ring of intelligence (left hand)
Scrolls
 b - 4 scrolls of remove curse
 f - 4 scrolls of teleportation
 i - a scroll of fog {unknown}
 m - a scroll of noise {unknown}
 n - a scroll of identify
 t - a scroll of immolation {unknown}
 u - a scroll of magic mapping {unknown}
Potions
 e - a potion of might
 h - a potion of magic
 k - 2 potions of haste
 p - a potion of flight
 q - a potion of resistance
 s - 2 potions of heal wounds
Comestibles
 c - a ration


   Skills:
 * Level 5.0 Fighting
 + Level 3.6 Short Blades
 * Level 0.6(2.5) Long Blades
 + Level 4.7 Dodging
 - Level 1.7 Stealth
 * Level 4.7 Spellcasting
 * Level 2.9 Conjurations
 * Level 1.8 Hexes
 - Level 1.1 Transmutations
 + Level 3.5 Air Magic
 + Level 3.9 Poison Magic


You had 7 spell levels left.
You knew the following spells:

 Your Spells              Type           Power        Failure   Level  Hunger
a - Sting                 Tmut/Pois      ###.         3%          1    None
b - Tukima's Dance        Hex            ##......     14%         3    ##.....
c - Mephitic Cloud        Conj/Pois/Air  ###.....     7%          3    ##.....
v - Poisonous Vapours     Pois/Air       ###...       3%          2    None

Your spell library contained the following spells:

 Spells                   Type           Power        Failure   Level  Hunger
 Corona                   Hex            ##.....      4%          1    None
 Ensorcelled Hibernation  Hex/Ice        #.....       10%         2    None
 Dazzling Flash           Conj/Hex       ###...       11%         3    ##.....
 Confusing Touch          Hex            ##......     14%         3    ##.....
 Ignite Poison            Fire/Tmut/Pois ##......     14%         3    ##.....
 Olgreb's Toxic Radiance  Pois           ###.....     19%         4    ####...


Dungeon Overview and Level Annotations

Branches:
Dungeon (5/15)
 Temple: D:4-7

Altars:
Cheibriados
Fedhas
Hepliaklqana
Makhleb
Okawaru
Ru
Sif Muna
Uskayaw
Wu Jian
Xom

Shops:
D:5 =

Annotations:
D:5 Prince Ribbit


Innate Abilities, Weirdness & Mutations

You can be seen from farther away. (+LOS)
You can swim through water.
You cover ground slowly.
You can hop short distances.


Message History

Prince Ribbit blinks!
You closely miss Prince Ribbit. Prince Ribbit closely misses you.
You hit Prince Ribbit.
Prince Ribbit is lightly wounded.
Prince Ribbit completely misses you.
You hit Prince Ribbit.
Prince Ribbit is poisoned.
Prince Ribbit is moderately wounded.
Prince Ribbit hits you.
* * * LOW HITPOINT WARNING * * *
Prince Ribbit closely misses you.
You barely miss Prince Ribbit.
Prince Ribbit is moderately wounded.
Prince Ribbit completely misses you.
You hit Prince Ribbit.
Prince Ribbit looks as sick as possible!
Prince Ribbit is moderately wounded.
Prince Ribbit hits you!
* * * LOW HITPOINT WARNING * * *
Prince Ribbit hits you!
You die...

.....######+######..........###
.....###........##.((.........#
.......#........##....(.......#
.......#<.......##............#
##.....#........##..(.........#
.........(..>...##............#
................##.(..........#
......................(.......##
................@F.###)........#
...............................#
................##.............#
................##......(..(.(.#
#######.........##............(#
###.........##............(#
.?..........##.........(...#
...........................#
..........................##


You could see Prince Ribbit (extremely poisoned).

Vanquished Creatures
  2 phantoms
  An ogre (D:4)
  2 scorpions
  2 crimson imps (D:5)
  A bullfrog zombie (D:5)
  A centaur zombie (D:5)
  2 hounds
  4 orc priests (D:4)
  An iguana (D:5)
  A jelly (D:2)
  A bullfrog skeleton (D:4)
  2 orc wizards
  5 worker ants
  A howler monkey skeleton (D:4)
  13 gnolls
  4 adders
  An ooze (D:3)
  3 adder skeletons
  2 worms
  2 dart slugs
  9 orcs
  2 giant cockroaches
  5 goblins
  6 hobgoblins
  A quokka (D:3)
  3 ball pythons
  A ball python skeleton (D:4)
  4 bats
  3 frilled lizards
  5 kobolds
  7 rats
97 creatures vanquished.

Notes
Turn   | Place    | Note
-------+----------+-------------------------------------------
     0 | D:1      | Esekla the Barachi Venom Mage began the quest for the Orb.
     0 | D:1      | Reached XP level 1. HP: 13/13 MP: 3/3
   893 | D:1      | Reached XP level 2. HP: 20/20 MP: 5/5
   902 | D:1      | Learned a level 2 spell: Poisonous Vapours
  1332 | D:1      | Reached skill level 1 in Fighting
  1757 | D:2      | Found a hide-covered altar of Uskayaw.
  1760 | D:2      | Found an ornate altar of the Wu Jian Council.
  1765 | D:2      | Found a snail-covered altar of Cheibriados.
  2082 | D:2      | Found a shimmering blue altar of Sif Muna.
  2089 | D:2      | Reached skill level 1 in Air Magic
  2089 | D:2      | Reached XP level 3. HP: 13/26 MP: 7/7
  2124 | D:2      | Reached skill level 1 in Short Blades
  2124 | D:2      | Reached XP level 4. HP: 21/32 MP: 1/8
  2365 | D:2      | Found an iron altar of Okawaru.
  2413 | D:3      | Reached skill level 2 in Fighting
  2521 | D:3      | Reached XP level 5. HP: 35/38 MP: 9/9
  2701 | D:3      | Found a sacrificial altar of Ru.
  3733 | D:3      | Learned a level 3 spell: Mephitic Cloud
  4358 | D:3      | HP: 2/58 [poisoned by an orc wizard]
  4359 | D:3      | Reached XP level 6. HP: 3/46 MP: 2/11
  4760 | D:4      | Noticed a phantom
  4813 | D:3      | Killed a phantom
  4813 | D:3      | Reached skill level 1 in Conjurations
  5063 | D:4      | Reached skill level 3 in Fighting
  5063 | D:4      | Reached XP level 7. HP: 14/52 MP: 1/12
  5873 | D:4      | Learned a level 3 spell: Tukima's Dance
  5996 | D:4      | Found a blossoming altar of Fedhas.
  6086 | D:4      | Found a burning altar of Makhleb.
  6173 | D:4      | Reached skill level 1 in Hexes
  6281 | D:4      | Found a shimmering altar of Xom.
  6282 | D:4      | Found a hazy altar of Hepliaklqana.
  6283 | D:4      | Noticed a spectral ugly thing
  6333 | D:5      | Entered Level 5 of the Dungeon
  6333 | D:5      | Found Axianto's Jewellery Emporium.
  6351 | D:5      | Reached skill level 4 in Fighting
  6354 | D:5      | Reached XP level 8. HP: 32/60 MP: 10/14
  6839 | D:5      | Noticed Prince Ribbit
  7392 | D:5      | Reached skill level 5 in Fighting
  7401 | D:5      | Slain by Prince Ribbit

Illustrated notes

Levels and vault maps discovered:
D:1:      lightli_arrival_isolated_outpost, layout_loops_corners
D:2:      layout_loops_ring, okawaru_metal_pillars_3,
          minmay_overflow_temple_star_quad, lemuel_coloured_pillars_altar,
          first_ration
D:3:      layout_loops_ring, hangedman_ru_absence
D:4:      layout_cave_pools, regret_index_temple_of_mockery, marbit_many_paths,
          lightli_temple_of_fire
D:5:      layout_basic, serial_shops, shop, uniq_prince_ribbit1

Skill      XL: |  1  2  3  4  5  6  7  8 |
---------------+-------------------------+-----
Fighting       | 1 2 3 4 5 |  5.0
Dodging        | 3 4 |  4.7
Air Magic      | 1 2 3 |  3.5
Short Blades   | 1 2 3 |  3.6
Spellcasting   | 3 4 |  4.7
Conjurations   | 1 2 |  2.9
Hexes          | 1 |  1.8
Long Blades    | |  0.6
Stealth        | |  1.7
Transmutations | |  1.1
Poison Magic   | |  3.9

Action                   |  1- 3 |  4- 6 |  7- 9 || total
-------------------------+-------+-------+-------++-------
Melee: Short sword       |    54 |    75 |       ||   129
       Spear             |     6 |       |       ||     6
       Dagger            |       |    40 |   182 ||   222
       Long sword        |       |       |     6 ||     6
Throw: Boomerang         |     3 |    18 |    34 ||    55
 Cast: Sting             |     1 |       |       ||     1
       Poisonous Vapours |     5 |    30 |     6 ||    41
       Mephitic Cloud    |       |     1 |     2 ||     3
  Use: Potion            |       |     5 |       ||     5
       Scroll            |       |       |     6 ||     6
 Stab: Sleeping          |     4 |     2 |     1 ||     7
  Eat: Chunk             |     3 |     2 |     3 ||     8
       Ration            |       |     3 |     2 ||     5
Armor: Robe              |    17 |    28 |    26 ||    71
Dodge: Dodged            |    72 |   123 |   149 ||   344
       Rpst.: Long sword |       |       |     4 ||     4
